 Dungeon Crawl Stone Soup version 0.14-a0-1313-gb2df4ef (webtiles) character file.

22549 Chiseanne the Nimble (level 12, 0/111 HPs)
             Began as a Troll Artificer on Dec 5, 2013.
             Was a High Priest of Nemelex Xobeh.
             Slain by a death cob (11 damage)
             ... created by the anger of Yredelemnul
             ... on Level 12 of the Dungeon.
             The game lasted 01:23:09 (14582 turns).

Chiseanne the Nimble (Troll Artificer)             Turns: 14582, Time: 01:23:10

HP   0/111       AC  9     Str 26      XL: 12   Next: 62%
MP  21/23        EV 12     Int  7 (8)  God: Nemelex Xobeh [*****.]
Gold 187         SH  0     Dex  6      Spells:  0 memorised, 11 levels left

rFire  . . .     SeeInvis +     A - +3 scythe (distort)
rCold  . . .     Clarity  +     r - +1 robe {MR+}
rNeg   . . .     Conserve +     (shield restricted)
rPois  .         rCorr    .     (helmet restricted)
rElec  .         rRot     .     s - +2 cloak of the Thief {+Fog Dam-3 SInv Stlth++}
SustAb . .       Spirit   .     (gloves unavailable)
rMut   .         Warding  .     (boots unavailable)
Gourm  +         Stasis   .     c - cursed amulet of conservation
                                d - ring of protection from magic
                                C - ring of Brioh {+Fly Dam+4}

@: about to teleport, sage [Air Magic], very slightly contaminated, very
resistant to hostile enchantments, fairly stealthy
A: unfitting armour, claws 3, horns 1, clarity, clumsy 2, fast metabolism 3,
gourmand, regeneration 2, saprovore 2, shaggy fur 1, tough skin 2
a: Draw One, Peek at Two, Triple Draw, Deal Four, Stack Five, Renounce Religion,
Evoke Fog, Evoke Flight


You were on level 12 of the Dungeon.
You worshipped Nemelex Xobeh.
Nemelex Xobeh was extremely pleased with you.
You were full.

You visited 3 branches of the dungeon, and saw 14 of its levels.
You also visited: Sewer and Ossuary.

You collected 739 gold pieces.
You spent 552 gold pieces at shops.

Inventory:

Hand weapons
 a - a +3,+1 whip of electrocution
 q - a cursed +0 blowgun
 A - a +3,+3 scythe of distortion (weapon)
 E - a +0,+0 giant spiked club
Missiles
 e - 3 poisoned needles
 j - 14 curare-tipped needles
 m - 3 javelins
 x - a large rock (quivered)
Armour
 r - a +1 robe of magic resistance (worn)
 s - the +2 cloak of the Thief (worn) {+Fog Dam-3 SInv Stlth++}
   (You bought it in a shop on level 7 of the Dungeon)

   It affects your damage-dealing abilities (-3).
   It enhances your eyesight.
   It can be evoked to emit clouds of fog.
   It makes you much more stealthy.
Magical devices
 i - a wand of paralysis (9)
 H - a wand of lightning (2)
Comestibles
 g - 4 bread rations
 u - a meat ration
Scrolls
 f - 4 scrolls of remove curse
 o - 5 scrolls of teleportation
 w - a scroll of fog
 D - 4 scrolls of fear
 K - 5 scrolls of identify
Jewellery
 c - a cursed amulet of conservation (around neck)
 d - a ring of protection from magic (right claw)
 k - a cursed ring of fire
 C - the ring of Brioh (left claw) {+Fly Dam+4}
   (You found it in an ossuary)

   [ring of flight]

   It affects your damage-dealing abilities (+4).
Potions
 b - a potion of berserk rage
 h - 6 potions of curing
 B - 3 potions of flight
 F - a potion of lignification
 J - a potion of magic
Miscellaneous
 l - a plain deck of wonders {drawn: 8} {god gift}
 p - a legendary deck of escape {Solitude, left: 5} {god gift}
 t - a legendary deck of summonings {drawn: 2} {god gift}
 v - a plain deck of escape {drawn: 2} {god gift}
 y - a plain deck of escape {drawn: 1} {god gift}
 z - an ornate deck of war {drawn: 3}
 I - a plain deck of destruction {drawn: 4} {god gift}
 M - an ornate deck of summonings {drawn: 5} {god gift}
 N - a plain deck of escape {drawn: 1} {god gift}


   Skills:
 * Level 5.6 Fighting
 - Level 5.0 Maces & Flails
 * Level 4.4 Polearms
   Level 3.4 Staves
 * Level 11.3 Dodging
 - Level 0.4 Stealth
 - Level 1.0 Unarmed Combat
   Level 0.9 Air Magic
 * Level 11.0 Evocations


You had 11 spell levels left.
You didn't know any spells.

Dungeon Overview and Level Annotations

Branches:
Dungeon (12/16)            Temple (1/1) D:5             Orc (0/4) D:10
   Lair (1/8) D:8

Altars:
Ashenzari
Cheibriados
Elyvilon
Fedhas
Kikubaaqudgha
Makhleb
Nemelex Xobeh
Okawaru
Sif Muna
Trog
Vehumet
Xom
Yredelemnul
Zin
the Shining One

Shops:
D:7 [   D:11 =


Innate Abilities, Weirdness & Mutations

You are too large for most types of armour.
You have claws for hands.
Your metabolism is lightning-fast.
You like to eat raw meat.
You heal very quickly.
You can eat rotten meat.
You are covered in fur (AC +1).
You have very tough skin (AC +2).
You have a pair of small horns on your head.
You possess an exceptional clarity of mind.
You are very clumsy. (Dex -4)


Message History

Read which item? (? for menu, Esc to quit)
Blink to where?
Press: ? - help, Dir - move target cursor, p - death cob
As you read the scroll of blinking, it crumbles to dust.
You are very lightly contaminated with residual magic.
Your red very ugly thing gores the death cob but does no damage.
Evoke which item? (* to show all) (? for menu, Esc to quit)
Okay, then.
Use which ability? (? or * to list) Draw from which deck? (? for menu, Esc to quit)
You draw a card...
It is the Pentagram.
The death cob closely misses you.
Your rotting devil misses the death cob.
Read which item? (? for menu, Esc to quit)
As you read the scroll of teleportation, it crumbles to dust.
You feel strangely unstable. The death cob hits you!
* * * LOW HITPOINT WARNING * * *
The death cob hits you!
You die...
Your body glows slightly and disappears.

#####################
####....................
#..........##.......#
#..........##<......#
######...................#####
......#(.........##...[........
..............%@...............
.....(...(....4..##...........
..........(.......##>..>.......
.........((.u.....##...........
####.###.##.########..........
.
..?........[..................
###.###.....................
#..#.########........ .....#.#
#....... ##


You could see a death cob, a friendly red very ugly thing and a friendly rotting
devil.

Vanquished Creatures
  The ghost of runewalsh the Covert, a powerful OpWz of Nemelex Xobeh (D:11)
  Erolcha (D:10)
  Pikel (D:4)
  Joseph (D:7)
  3 hill giants
  An octopode (shapeshifter) (D:8)
  Grinder (D:6)
  A troll (D:11)
  2 two-headed ogres
  3 slime creatures (D:11)
  3 blink frogs (Lair:1)
  2 wraiths
  A killer bee (D:9)
  2 hungry ghosts (D:10)
  A steam dragon (D:7)
  11 yaks
  A hippogriff (D:8)
  A deep elf fighter (D:8)
  A soldier ant (D:12)
  Menkaure (D:6)
  A mottled dragon (D:8)
  A necrophage (D:11)
  3 ice beasts
  A black bear (D:8)
  5 ogres
  A porcupine (Lair:1)
  5 orc warriors
  4 phantoms
  A sky beast (D:11)
  2 slaves (D:4)
  A tengu (Sewer)
  4 big kobolds
  6 centaurs
  Sigmund (D:2)
  Duvessa (D:9)
  A crocodile (Lair:1)
  A giant slug (Lair:1)
  Blork the orc (D:6)
  A cyclops zombie (D:9)
  8 giant frogs
  A troll zombie (D:10)
  7 wights
  5 crimson imps
  A goliath beetle (D:8)
  Dowan (D:9)
  A quasit (D:9)
  4 scorpions
  A gnoll shaman (D:7)
  4 orc priests
  10 hounds
  3 human zombies (Ossuary)
  6 jellies
  An orange rat (D:7)
  4 iguanas
  8 orc wizards
  6 worker ants
  2 killer bee zombies
  7 sheep (Lair:1)
  6 ogre zombies (D:10)
  A big kobold zombie (D:9)
  The ghost of timbw the Skirmisher, a weakling OpFi (D:4)
  4 mummies
  13 gnolls
  A giant centipede (D:11)
  7 green rats
  18 adders
  A giant mite (D:9)
  10 white imps (Lair:1)
  6 worms
  3 adder zombies
  An iguana zombie (D:9)
  2 giant eyeballs
  4 grey rats (D:7)
  6 giant geckos
  An ooze (D:1)
  30 orcs
  3 ball pythons
  20 bats
  7 giant cockroaches
  12 hobgoblins
  7 jackals
  7 quokkas
  8 giant newts
  11 goblins
  4 goblin skeletons (D:10)
  3 goblin zombies
  5 hobgoblin zombies
  2 jackal zombies (Ossuary)
  31 kobolds
  2 kobold skeletons
  13 kobold zombies
  2 orc skeletons (D:6)
  30 orc zombies
  28 rats
  2 rat zombies (Ossuary)
  21 fungi
  26 plants
519 creatures vanquished.

Vanquished Creatures (collateral kills)
  A hill giant (D:12)
  2 killer bees (D:9)
  A wight (D:6)
  2 orc wizards (D:12)
  A worker ant (D:11)
  Ijyb (D:4)
  A gnoll (D:7)
  2 adders
  2 white imps (Lair:1)
  A giant mite (D:4)
  An adder zombie (D:6)
  2 orcs
  3 kobolds
20 creatures vanquished.

Vanquished Creatures (others)
  An orange demon (D:11)
  A phantom (D:11)
  An ice beast (D:10)
  A manticore skeleton (D:11)
  An ogre zombie (D:10)
  A kobold (D:4)
6 creatures vanquished.

Grand Total: 545 creatures vanquished

Notes
Turn   | Place    | Note
--------------------------------------------------------------
     0 | D:1      | Chiseanne, the Troll Artificer, began the quest for the Orb.
     0 | D:1      | Reached XP level 1. HP: 18/18 MP: 1/1
   160 | D:1      | Reached XP level 2. HP: 24/26 MP: 1/1
   744 | D:2      | Reached skill level 1 in Fighting
   752 | D:2      | Reached XP level 3. HP: 14/33 MP: 3/3
  1253 | D:2      | Reached XP level 4. HP: 29/41 MP: 3/3
  1460 | D:2      | Noticed Sigmund
  1493 | D:3      | Reached skill level 3 in Dodging
  2257 | D:2      | Killed Sigmund
  2257 | D:2      | Reached skill level 1 in Maces & Flails
  2257 | D:2      | Reached XP level 5. HP: 25/49 MP: 3/4
  2715 | D:4      | Noticed timbw's ghost (weakling OpFi)
  2771 | D:4      | Killed timbw's ghost
  2818 | D:4      | Noticed Pikel
  2818 | D:4      | Noticed a slave
  2818 | D:4      | Noticed a slave
  2818 | D:4      | Noticed a slave
  2818 | D:4      | Noticed a slave
  2818 | D:4      | Noticed Ijyb
  2833 | D:4      | a slave (ally) was killed
  2846 | D:4      | Killed Ijyb
  2849 | D:4      | a slave (ally) was killed
  2902 | D:4      | Killed Pikel
  2902 | D:4      | Reached skill level 5 in Dodging
  2902 | D:4      | Reached XP level 6. HP: 5/59 MP: 4/6
  2902 | D:4      | Reached XP level 7. HP: 5/66 MP: 4/7
  3025 | D:4      | Noticed a centaur
  3029 | D:4      | Killed a centaur
  3134 | D:4      | Noticed an ogre
  3147 | D:4      | Killed an ogre
  3200 | D:4      | Noticed an ogre
  3208 | D:4      | Killed an ogre
  3208 | D:4      | Reached XP level 8. HP: 69/74 MP: 8/8
  3297 | D:4      | Found a sand-covered staircase.
  3304 | Ossuary  | Entered an ossuary
  3628 | Ossuary  | Got a vibrating golden ring
  3664 | D:4      | Identified the ring of Brioh {+Fly Dam+4} (You found it in an ossuary)
  3808 | D:5      | Entered Level 5 of the Dungeon
  3822 | D:5      | Reached skill level 6 in Dodging
  4202 | D:5      | Found a glowing drain.
  4272 | Sewer    | Entered a sewer
  4324 | Sewer    | Noticed Purgy
  4324 | Sewer    | Noticed Purgy
  4324 | Sewer    | Purgy changed into Purgy the tengu
  4335 | Sewer    | Killed Purgy the tengu
  4704 | D:5      | Found a staircase to the Ecumenical Temple.
  4727 | Temple   | Entered the Ecumenical Temple
  4897 | Temple   | Became a worshipper of Nemelex Xobeh
  4905 | Temple   | Received a gift from Nemelex Xobeh
  4910 | Temple   | Gained mutation: You have a pair of small horns on your head. [potion of mutation]
  4910 | Temple   | Gained mutation: You possess an exceptional clarity of mind. [potion of mutation]
  4910 | Temple   | Gained mutation: You are clumsy. (Dex -2) [potion of mutation]
  5482 | D:4      | Acquired Nemelex Xobeh's first power
  5741 | D:3      | Received a gift from Nemelex Xobeh
  6325 | D:1      | Acquired Nemelex Xobeh's second power
  6665 | D:6      | Noticed Menkaure
  6677 | D:6      | Killed Menkaure
  6677 | D:6      | Reached skill level 7 in Dodging
  6775 | D:6      | Acquired Nemelex Xobeh's third power
  6811 | D:6      | Received a gift from Nemelex Xobeh
  6854 | D:6      | Noticed Blork the orc
  6864 | D:6      | Killed Blork the orc
  6864 | D:6      | Reached XP level 9. HP: 77/83 MP: 11/11
  7261 | D:6      | Reached skill level 5 in Evocations
  7357 | D:6      | Noticed Grinder
  7373 | D:6      | Killed Grinder
  7381 | D:6      | Found a white marble altar of Elyvilon.
  7654 | D:7      | Noticed Joseph
  7678 | D:7      | Killed Joseph
  7678 | D:7      | Reached skill level 8 in Dodging
  7923 | D:7      | Reached skill level 5 in Maces & Flails
  7963 | D:7      | Received a gift from Nemelex Xobeh
  8009 | D:7      | Found Jouriydo's Antique Armour Emporium.
  8327 | D:7      | Found an ancient bone altar of Kikubaaqudgha.
  8479 | D:8      | Reached XP level 10. HP: 75/92 MP: 14/14
  8536 | D:8      | Reached skill level 1 in Staves
  8543 | D:8      | Acquired Nemelex Xobeh's fourth power
  9117 | D:8      | Found a staircase to the Lair.
  9124 | D:8      | Reached skill level 9 in Dodging
  9362 | D:8      | Found an ancient bone altar of Kikubaaqudgha.
  9362 | D:8      | Found a shattered altar of Ashenzari.
  9785 | D:8      | Found a glowing golden altar of the Shining One.
  9786 | D:8      | Noticed an octopode
  9792 | D:8      | Killed an octopode
  9850 | D:8      | Received a gift from Nemelex Xobeh
 10085 | Lair:1   | Entered Level 1 of the Lair of Beasts
 10106 | Lair:1   | Found a frozen archway.
 10285 | Lair:1   | Reached skill level 10 in Dodging
 10689 | D:9      | Noticed Dowan
 10694 | D:9      | Noticed Duvessa
 10701 | D:9      | Dowan (ally) was killed
 10701 | D:9      | Your ally died
 10706 | D:9      | Killed Duvessa
 10754 | D:9      | Paralysed by a giant eyeball for 4 turns
 11166 | D:9      | Reached skill level 1 in Polearms
 11623 | D:9      | Reached XP level 11. HP: 74/101 MP: 16/16
 11768 | D:10     | Entered Level 10 of the Dungeon
 11791 | D:10     | Found a staircase to the Orcish Mines.
 11828 | D:10     | Reached skill level 5 in Fighting
 12566 | D:10     | Noticed Erolcha
 12757 | D:7      | Bought the +2 cloak of the Thief {+Fog Dam-3 SInv Stlth++} for 530 gold pieces
 12829 | D:10     | Received a gift from Nemelex Xobeh
 12831 | D:10     | Killed Erolcha
 12901 | D:10     | Noticed a hill giant
 12905 | D:10     | Killed a hill giant
 12992 | D:11     | Noticed runewalsh's ghost (powerful OpWz)
 13006 | D:11     | Acquired Nemelex Xobeh's fifth power
 13006 | D:11     | Received a gift from Nemelex Xobeh
 13011 | D:11     | Killed runewalsh's ghost
 13054 | D:11     | Reached skill level 11 in Dodging
 13439 | D:11     | Received a gift from Nemelex Xobeh
 13515 | D:11     | Found Boekledu's Jewellery Boutique.
 13521 | D:11     | Got a sheer robe
 13522 | D:11     | Identified the -3 robe of Rationality {Dex-2 Int+1} (You found it on level 11 of the Dungeon)
 13529 | D:11     | Bought an uncursed amulet of inaccuracy for 22 gold pieces
 13532 | D:11     | Received a gift from Nemelex Xobeh
 13777 | D:11     | Paralysed by a potion of paralysis for 5 turns
 13833 | D:12     | Noticed a hill giant
 13990 | D:11     | Received a gift from Nemelex Xobeh
 14227 | D:12     | Noticed a hill giant
 14235 | D:12     | Noticed a hill giant
 14253 | D:12     | a hill giant (ally) was killed
 14256 | D:12     | Killed a hill giant
 14269 | D:12     | Received a gift from Nemelex Xobeh
 14359 | D:12     | Noticed a death cob
 14418 | D:11     | Reached XP level 12. HP: 111/111 MP: 18/23
 14419 | D:11     | Gained mutation: You are very clumsy. (Dex -4) [helix card]
 14505 | D:12     | Killed a hill giant
 14528 | D:12     | Received a gift from Nemelex Xobeh
 14577 | D:12     | HP: 3/111 [death cob[the anger of Yredelemnul] (18)]
 14582 | D:12     | Slain by a death cob

Action                   |  1- 3 |  4- 6 |  7- 9 | 10-12 || total
-------------------------+-------+-------+-------+-------++-------
Melee: Unarmed           |    38 |       |       |       ||    38
       Spear             |   121 |       |       |       ||   121
       Flail             |    36 |   132 |       |       ||   168
       Whip              |       |       |   500 |   559 ||  1059
       Scythe            |       |       |       |   343 ||   343
Throw: Tomahawk          |       |       |     4 |     1 ||     5
       Large rock        |       |       |     2 |     3 ||     5
       Javelin           |       |       |       |     6 ||     6
Invok: Draw One          |       |       |     5 |    38 ||    43
       Peek at Two       |       |       |     3 |     9 ||    12
       Triple Draw       |       |       |     1 |       ||     1
       Stack Five        |       |       |       |     1 ||     1
Evoke: Wand              |       |    24 |    34 |    55 ||   113
       Deck              |       |       |     1 |       ||     1
  Use: Scroll            |     5 |     2 |    13 |    11 ||    31
       Potion            |     3 |     5 |     8 |     6 ||    22
 Stab: Paralysed         |       |       |       |     2 ||     2
